 Dungeon Crawl Stone Soup version 0.18.1-8-gdd0e5ea (webtiles) character file.

224 GFox the Ruffian (level 5, -9/47 HPs)
             Began as a Minotaur Monk on May 22, 2016.
             Killed by divine providence
             ... invoked by an orc priest
              (16 damage)
             ... on level 3 of the Dungeon.
             The game lasted 00:16:06 (2519 turns).

GFox the Ruffian (Minotaur Monk)                    Turns: 2519, Time: 00:16:06

Health: -9/47      AC:  3    Str: 17    XL:     5   Next: 67%
Magic:  4/4        EV:  9    Int:  7    God:
Gold:   74         SH: 11    Dex: 12    Spells: 0 memorised, 4 levels left

rFire  x . .     SeeInvis .       - Unarmed
rCold  + . .     Gourm    .     a - +0 robe
rNeg   . . .     Faith    .     j - +0 large shield
rPois  .         Spirit   .     (helmet restricted)
rElec  .         Dismiss  .     (no cloak)
rCorr  .         Reflect  .     (no gloves)
SustAt .         Harm     .     e - +0 pair of boots
MR     .....                    (no amulet)
Stlth  ++........               (no ring)
                                d - ring of ice

@: not resistant to hostile enchantments, unstealthy
A: retaliatory headbutt, horns 2
a: no special abilities


You were on level 3 of the Dungeon.
You were not hungry.

You visited 1 branch of the dungeon, and saw 3 of its levels.

You collected 74 gold pieces.

Inventory:

Armour
 a - a +0 robe (worn)
 e - a +0 pair of boots (worn)
 j - a +0 large shield (worn)
Jewellery
 d - a ring of ice (left hand)
Scrolls
 c - a scroll of immolation {unknown}
 f - 3 scrolls of identify {unknown}
 h - a scroll of random uselessness {unknown}
 k - 4 scrolls of teleportation {unknown}
 l - a scroll of noise {unknown}
 m - a scroll of enchant weapon {unknown}
Potions
 i - a potion of lignification {unknown}
Comestibles
 b - 2 bread rations
 g - 2 chunks of flesh


   Skills:
 + Level 4.7 Fighting
 + Level 4.9 Dodging
 + Level 2.1 Stealth
 + Level 0.8 Shields
 + Level 5.7 Unarmed Combat


You had 4 spell levels left.
You didn't know any spells.

Dungeon Overview and Level Annotations

Branches:
Dungeon (3/15)

Altars:
Cheibriados
Elyvilon


Innate Abilities, Weirdness & Mutations

You reflexively headbutt those who attack you in melee.
You have a pair of horns on your head.


Message History

You furiously retaliate!
You headbutt the orc. You hit the orc priest.
The orc priest is severely wounded.
You block the orc's attack.
The orc priest miscasts a cantrip.
The orc hits you with a trident. The orc priest closely misses you.
You hit the orc priest but do no damage.
Your headbutt misses the orc priest.
The orc priest is severely wounded.
The orc closely misses you. You block the orc's attack.
You hit the orc priest. Your headbutt misses the orc priest.
The orc priest is almost dead.
The orc priest hits you with a war axe!
* * * LOW HITPOINT WARNING * * *
You block the orc's attack. The orc hits you but does no damage.
You barely miss the orc priest.
The orc priest is almost dead.
The orc priest invokes the aid of Beogh against you.
Beogh smites you!
You die...

..........#
##.########
..........#
#.#
###..######
#.# #..# #.#
##... #.#
##.. #.###
..# #...# ..
###.# #@#
......ooo...#
##.%..oh....#
............#
##..........#
##...$.....#
###..######
#..


You could see an orc priest, 3 orcs and a jackal.

Vanquished Creatures
  Sigmund (D:2)
  2 adders (D:2)
  An ooze (D:1)
  A dart slug (D:2)
  2 giant geckos
  2 orcs (D:3)
  2 ball pythons (D:2)
  4 bats
  3 giant cockroaches
  4 goblins
  5 hobgoblins
  4 jackals
  5 kobolds
  A quokka (D:3)
  2 giant newts (D:1)
  7 rats
46 creatures vanquished.

Notes
Turn   | Place    | Note
--------------------------------------------------------------
     0 | D:1      | GFox the Minotaur Monk began the quest for the Orb.
     0 | D:1      | Reached XP level 1. HP: 19/19 MP: 0/0
   172 | D:1      | Reached XP level 2. HP: 20/27 MP: 1/1
  1228 | D:2      | Reached XP level 3. HP: 25/33 MP: 2/2
  1232 | D:2      | Reached skill level 5 in Unarmed Combat
  1428 | D:2      | Found a white marble altar of Elyvilon.
  1428 | D:2      | Found a snail-covered altar of Cheibriados.
  1664 | D:2      | Noticed Sigmund
  1680 | D:2      | Killed Sigmund
  1680 | D:2      | Reached XP level 4. HP: 9/41 MP: 3/3
  1680 | D:2      | Reached XP level 5. HP: 11/47 MP: 4/4
  2519 | D:3      | Killed from afar by an orc priest

Skill      XL: |  1  2  3 |
---------------+----------+-----
Fighting       | 4 |  4.7
Unarmed Combat | 5 |  5.7
Dodging        | 4 |  4.9
Stealth        | 2 |  2.1
Shields        | |  0.8

Action                   |  1- 3 |  4- 6 || total
-------------------------+-------+-------++-------
Melee: Unarmed           |    73 |    56 ||   129
       Headbutt          |     8 |     6 ||    14
  Use: Potion            |     1 |       ||     1
 Stab: Sleeping          |     1 |     4 ||     5
  Eat: Chunk             |     2 |     3 ||     5
Armor: Robe              |    18 |     8 ||    26
Dodge: Dodged            |    27 |    25 ||    52
Block: Shield            |    12 |     1 ||    13
       Large shield      |       |    43 ||    43
